 Dungeon Crawl Stone Soup version 0.18.1-48-g4cf74bf (webtiles) character file.

276 alexandrvrp the Skirmisher (level 6, -4/48 HPs)
             Began as a Demonspawn Fighter on June 25, 2016.
             Killed from afar by an orc wizard (7 damage)
             ... with a puff of flame
             ... on level 4 of the Dungeon.
             The game lasted 00:09:24 (3718 turns).

alexandrvrp the Skirmisher (Demonspawn Fighter)     Turns: 3718, Time: 00:09:25

Health: -4/48      AC:  9    Str: 17    XL:     6   Next: 4%
Magic:  6/6        EV:  7    Int:  7    God:
Gold:   125        SH: 11    Dex: 14    Spells: 0 memorised, 5 levels left

rFire  . . .     SeeInvis .     a - +0 long sword
rCold  . . .     Gourm    .     b - +0 scale mail
rNeg   . . .     Faith    .     c - +0 shield
rPois  .         Spirit   .     (no helmet)
rElec  .         Dismiss  .     (no cloak)
rCorr  .         Reflect  .     (no gloves)
SustAt .         Harm     .     (no boots)
MR     .....                    (no amulet)
Stlth  ..........               (no ring)
                                (no ring)

@: not resistant to hostile enchantments, extremely unstealthy
A: claws 1, hooves 1, large bone plates 1, blurry vision 1, demonic guardian 1,
dopey 1
a: no special abilities


You were on level 4 of the Dungeon.
You were hungry.

You visited 1 branch of the dungeon, and saw 4 of its levels.

You collected 125 gold pieces.

Inventory:

Hand Weapons
 a - a +0 long sword (weapon)
Armour
 b - a +0 scale mail (worn)
 c - a +0 shield (worn)
 l - a +0 shield
Magical Staves
 m - an uncursed staff of air {unknown}
Jewellery
 n - a +3 ring of dexterity {unknown}
Scrolls
 d - a scroll of magic mapping {unknown}
 e - a scroll of remove curse {unknown}
 g - a scroll of immolation {unknown}
 h - 5 scrolls of identify {unknown}
 i - a scroll of fear {unknown}
 p - a scroll of amnesia {unknown}
Comestibles
 f - 2 bread rations
 j - 4 meat rations
 o - a chunk of flesh


   Skills:
 * Level 4.0 Fighting
 * Level 3.6 Long Blades
 * Level 3.8 Armour
 + Level 1.5 Dodging
 + Level 3.3 Shields


You had 5 spell levels left.
You didn't know any spells.

Dungeon Overview and Level Annotations

Branches:
Dungeon (4/15)
 Temple: D:4-7

Altars:
Elyvilon
Gozag


Innate Abilities, Weirdness & Mutations

You have sharp fingernails.
You are partially covered in large bone plates (AC +2, SH +2).
A weak demonic guardian rushes to your aid.
You have large cloven feet.
Scrolls take you a little longer to read.
You are dopey. (Int -2)


Message History

You slash the orc!
You kill the orc!
Your Fighting skill increases to level 4!
Your quasit bites the orc priest.
Your quasit claws the orc priest. x2
The orc priest looks braver for a moment.
Your quasit completely misses the orc priest.
Your quasit barely misses the orc priest.
Your quasit closely misses the orc priest.
You closely miss something. You kick something.
Your quasit disappears in a puff of smoke!
Something hits you but does no damage.
You hit something but do no damage. Your kick misses something.
The orc priest invokes the aid of Beogh against you.
Beogh smites you!
* * * LOW HITPOINT WARNING * * *
You miss something. You kick something.
You hear some strange, mumbled words.
A puff of flame appears from out of thin air!
The puff of flame hits you!
You die...

...........# #.....#
...........# #.....#
...........# #.....#
.........).+ #.....# #
...).......# #.....# .#
.......†...######...## ..#
#.(...#####....##...###..##.
#.....#...#....#{...........
#.....#...'...o5@...........
#.....#...#....#####'######.
#.....#####....# #.......#
#.....# #....# #.......+
####### #....# #.......#
######....####.......#
#..............######..
#..............# .
#.......)......#


You could see an orc priest and a friendly quasit.

Vanquished Creatures
  The ghost of ThereIsNoGod the Sneak, a weakling OpAs (D:3)
  A crimson imp (D:3)
  A centaur skeleton (D:4)
  A worker ant (D:4)
  A gnoll (D:1)
  3 adders
  2 worms
  3 dart slugs
  3 giant geckos
  8 orcs
  2 ball pythons
  12 bats
  7 giant cockroaches
  7 goblins
  8 hobgoblins
  7 jackals
  7 kobolds
  A quokka (D:3)
  2 giant newts (D:2)
  6 rats
83 creatures vanquished.

Vanquished Creatures (collateral kills)
  An orc wizard (D:4)
1 creature vanquished.

Grand Total: 84 creatures vanquished

Notes
Turn   | Place    | Note
--------------------------------------------------------------
     0 | D:1      | alexandrvrp the Demonspawn Fighter began the quest for the Orb.
     0 | D:1      | Reached XP level 1. HP: 18/18 MP: 1/1
   147 | D:1      | Gained mutation: You have sharp fingernails. [demonic ancestry]
   147 | D:1      | Reached XP level 2. HP: 21/24 MP: 2/2
   523 | D:1      | Gained mutation: A weak demonic guardian rushes to your aid. [demonic ancestry]
   523 | D:1      | Reached XP level 3. HP: 13/29 MP: 3/3
  1699 | D:2      | Gained mutation: You are partially covered in large bone plates (AC +2, SH +2). [demonic ancestry]
  1699 | D:2      | Reached XP level 4. HP: 33/35 MP: 4/4
  1789 | D:2      | Found an opulent altar of Gozag.
  2463 | D:3      | Reached skill level 1 in Dodging
  2487 | D:3      | Noticed ThereIsNoGod's ghost (weakling OpAs)
  2497 | D:3      | Killed ThereIsNoGod's ghost
  2520 | D:3      | Reached XP level 5. HP: 41/41 MP: 5/5
  2946 | D:3      | Found a white marble altar of Elyvilon.
  3678 | D:4      | Reached XP level 6. HP: 46/48 MP: 6/6
  3706 | D:4      | Gained mutation: You have large cloven feet. [potion of mutation]
  3706 | D:4      | Gained mutation: You are dopey. (Int -2) [potion of mutation]
  3706 | D:4      | Gained mutation: Scrolls take you a little longer to read. [potion of mutation]
  3715 | D:4      | Reached skill level 4 in Fighting
  3717 | D:4      | HP: 2/48 [orc priest/divine providence (8)]
  3718 | D:4      | Killed from afar by an orc wizard

Skill      XL: |  1  2  3  4  5  6 |
---------------+-------------------+-----
Long Blades    | 2 3 |  3.6
Armour         | 3 |  3.8
Dodging        | 1 |  1.5
Shields        | 3 |  3.3
Fighting       | 4 |  4.0

Action                   |  1- 3 |  4- 6 || total
-------------------------+-------+-------++-------
Melee: Long sword        |   147 |   191 ||   338
       Kick              |       |     2 ||     2
  Use: Potion            |     2 |     1 ||     3
  Eat: Chunk             |     3 |     6 ||     9
Armor: Scale mail        |    77 |    73 ||   150
Dodge: Dodged            |    44 |    41 ||    85
Block: Shield            |    82 |    96 ||   178
